 Dungeon Crawl Stone Soup version 0.21.1-1-g345015f (webtiles) character file.

95 Kairos the Shield-Bearer (level 4, 14/42 HPs)
             Began as a Deep Dwarf Fighter on Apr 24, 2018.
             Quit the game on level 2 of the Dungeon.
             The game lasted 00:03:08 (1430 turns).

Kairos the Shield-Bearer (Deep Dwarf Fighter)       Turns: 1430, Time: 00:03:09

Health: 14/42      AC:  6    Str: 20 (21) XL:     4   Next: 39%
Magic:  4/4        EV:  7    Int:  7 (8)  God:
Gold:   79         SH:  8    Dex: 11 (12) Spells: 3/3 levels left

rFire    . . .     SeeInvis .   a - +0 war axe
rCold    . . .     Gourm    +   c - +0 shield
rNeg     . . .     Faith    .   b - +0 scale mail
rPois    .         Spirit   .   (no helmet)
rElec    .         Reflect  .   (no cloak)
rCorr    .         Harm     .   (no gloves)
MR       .....                  (no boots)
Stlth    ..........             e - amulet of the gourmand
HPRegen  0.00/turn              (no ring)
MPRegen  0.09/turn              (no ring)

@: non-regenerating, heavily drained
A: damage resistance, heal wounds, sense surroundings 1, no regeneration
a: Heal Wounds


You were on level 2 of the Dungeon.
You were not hungry.

You visited 1 branch of the dungeon, and saw 2 of its levels.

You collected 79 gold pieces.

Inventory:

Hand Weapons
 a - a +0 war axe (weapon)
Armour
 b - a +0 scale mail (worn)
 c - a +0 shield (worn)
Jewellery
 e - an amulet of the gourmand (around neck)
Wands
 k - a wand of flame (13)
Scrolls
 g - 2 scrolls of fear {unknown}
 h - a scroll of immolation {unknown}
 j - a scroll of remove curse {unknown}
Potions
 d - a potion of might
 i - a potion of lignification
 l - 2 potions of invisibility
Comestibles
 f - a ration


   Skills:
 + Level 3.0(1.3) Fighting
 + Level 3.5(1.8) Axes
 + Level 4.0(2.3) Armour
 + Level 0.5(0.0) Dodging
 + Level 0.1(0.0) Stealth
 + Level 4.0(2.3) Shields


You had 3 spell levels left.
You didn't know any spells.

Dungeon Overview and Level Annotations

Branches:
Dungeon (2/15)

Altars:
Fedhas
Okawaru
Vehumet
Wu Jian
Yredelemnul


Innate Abilities, Weirdness & Mutations

You are resistant to damage.
You can heal yourself by infusing magical energy.
You passively map a small area around you.
You do not regenerate.


Message History

You hit the giant cockroach but do no damage.
You barely miss the bat. The bat barely misses you.
The giant cockroach bites you. The giant cockroach closely misses you.
Your shield and scale mail prevent you from hitting the giant cockroach.
The bat hits you but does no damage. You block the giant cockroach's attack.
The giant cockroach bites you but does no damage.
You hit the giant cockroach.
You kill the giant cockroach!
You block the bat's attack. You block the bat's attack.
You block the bat's attack. x2
You see here 11 gold pieces.
You now have 79 gold pieces (gained 11).
The bat barely misses you.
You closely miss the bat. The bat barely misses you.
You block the bat's attack. You block the bat's attack.
The bat barely misses you. The bat hits you but does no damage.
The bat hits you but does no damage.
Are you sure you want to abandon this character and quit the game? (Confirm with "yes".)

.* #...# .# #........ .#
#####.# #.###...<..##
##.# #.# #.............
#...##.#
*.....###.#.####
.....#.## bP.P.#
#.#....# . ,#...#
#.._..# #,#†##.#
*#.##...##..P.P.#** #.#
,#
#...............,,,#.#
#.......@####... *#.# #
##......%# *######.##.#
###...########..........
#.........#.#.###.##..
######**#.)###........
###<#.###.###. ##.## #.#
#.# #.., #.# ####*


You could see a bat.

Vanquished Creatures
  3 adders (D:2)
  An ooze (D:2)
  3 worms (D:2)
  A dart slug (D:1)
  2 giant cockroaches
  6 hobgoblins
  2 jackals (D:2)
  7 bats
  5 frilled lizards
  5 goblins
  9 kobolds
  15 rats
  A fungus (D:2)
60 creatures vanquished.

Vanquished Creatures (others)
  A hobgoblin (D:2)
1 creature vanquished.

Grand Total: 61 creatures vanquished

Notes
Turn   | Place    | Note
-------+----------+-------------------------------------------
     0 | D:1      | Kairos the Deep Dwarf Fighter began the quest for the Orb.
     0 | D:1      | Reached XP level 1. HP: 20/20 MP: 1/1
    41 | D:1      | Reached XP level 2. HP: 24/27 MP: 2/2
   457 | D:1      | Found an ornate altar of the Wu Jian Council.
   710 | D:1      | Reached XP level 3. HP: 22/33 MP: 3/3
  1138 | D:2      | Found an iron altar of Okawaru.
  1196 | D:2      | Found a radiant altar of Vehumet.
  1213 | D:2      | Reached XP level 4. HP: 7/40 MP: 4/4
  1277 | D:2      | Found a blossoming altar of Fedhas.
  1416 | D:2      | Found a basalt altar of Yredelemnul.
  1430 | D:2      | Quit the game

Skill      XL: |  1  2  3  4 |
---------------+-------------+-----
Axes           | 3 |  3.5
Shields        | 4 |  4.0
Fighting       | 3 |  3.0
Armour         | 4 |  4.0
Dodging        | |  0.5
Stealth        | |  0.1

Action                   |  1- 3 |  4- 6 || total
-------------------------+-------+-------++-------
Melee: War axe           |   145 |    60 ||   205
  Use: Potion            |     1 |     3 ||     4
  Eat: Chunk             |       |     2 ||     2
Armor: Scale mail        |    77 |    57 ||   134
Dodge: Dodged            |    59 |    45 ||   104
Block: Shield            |   100 |    45 ||   145
